 Dungeon Crawl Stone Soup version 0.30-a0-956-gcec3b41aec (webtiles) character file.

Game seed: 11828324086430397755

203 dracfodder the Covered (level 6, -13/48 HPs)
             Began as a Formicid Fighter on Mar 30, 2023.
             Mangled by an ogre
             ... wielding a +0 giant spiked club
              (18 damage)
             ... on level 4 of the Dungeon.
             The game lasted 00:08:26 (2265 turns).

dracfodder the Covered (Formicid Fighter)           Turns: 2265, Time: 00:08:27

Health: -13/48     AC: 12    Str: 22    XL:     6   Next: 8%
Magic:  6/6        EV:  6    Int:  8    God:
Gold:   146        SH:  5    Dex: 13    Spells: 5/5 levels left

rFire   . . .      SeeInvis +    a - +1 war axe
rCold   . . .      Faith    .    c - +0 buckler
rNeg    + . .      Spirit   .    g - +0 plate armour
rPois   .          Reflect  .    (helmet unavailable)
rElec   .          Rampage  .    (no cloak)
rCorr   .                        (no gloves)
Will    .....                    (no boots) Stlth
                                 (no amulet)
HPRegen 0.28/turn                e - ring of positive energy
MPRegen 0.10/turn                (no ring)

@: mighty
A: permanent stasis, dig shafts and tunnels, antennae 3, four strong arms
a: Dig, Shaft Self


You were on level 4 of the Dungeon.
You visited 1 branch of the dungeon, and saw 4 of its levels.

You collected 146 gold pieces.

Inventory:

Hand Weapons
 a - a +1 war axe (weapon)
Missiles
 h - 5 javelins
 k - 24 stones
 m - 6 boomerangs (quivered)
 s - a throwing net
Armour
 b - a +0 scale mail
 c - a +0 buckler (worn)
 g - a +0 plate armour (worn)
Jewellery
 e - a ring of positive energy (left hand)
Wands
 o - a wand of roots (10)
Scrolls
 j - 2 scrolls of fog
 l - 4 scrolls of magic mapping
 p - a scroll of fear
Potions
 d - a potion of might
 f - a potion of flight {unknown}
 i - a potion of invisibility {unknown}
 n - a potion of brilliance {unknown}
 q - a potion of curing {unknown}


   Skills:
 + Level 4.0 Fighting
 + Level 3.7 Axes
 + Level 1.4 Throwing
 + Level 4.5 Armour
 + Level 0.5 Dodging
 + Level 0.4 Stealth
 + Level 4.3 Shields


You had 5 spell levels left.
You didn't know any spells.
Your spell library was empty.

Dungeon Overview and Level Annotations

Branches:
Dungeon (4/15)
 Temple: D:4-7

Altars:
Nemelex Xobeh
Zin


Innate Abilities, Weirdness & Mutations

You cannot be hasted, slowed, berserked, paralysed or teleported.
You can dig through walls and to a lower floor.
You have a pair of large antennae on your head. (SInv)
Your four strong arms can wield two-handed weapons with a shield.


Message History

You slash the quokka!
You kill the quokka!
No target in view!
No target in view!
No target in view!
No target in view!
You now have 146 gold pieces (gained 17).
A kobold comes into view. It is wielding a +0 club.
The kobold shouts!
An ogre comes into view. It is wielding a +0 giant spiked club.
A dart slug comes into view.
The ogre shouts!
A quokka comes into view.
The kobold hits you but does no damage.
You closely miss the kobold. The kobold hits you but does no damage.
You block the kobold's attack.
You slash the kobold!
You kill the kobold!
The dart slug launches a dart at you.
The slug dart hits you but does no damage.
You hit the ogre but do no damage. You block the ogre's attack.
You barely miss the ogre.
The ogre hits you with a +0 giant spiked club!
The quokka completely misses you.
You slash the ogre!
The ogre is heavily wounded.
You hit the quokka.
The quokka bites you but does no damage.
The ogre hits you with a +0 giant spiked club!!
Ouch! That really hurt!
* * * LOW HITPOINT WARNING * * *
You feel very mighty all of a sudden.
The quokka bites you but does no damage.
The quokka bites you.
* * * LOW HITPOINT WARNING * * *
You closely miss the ogre.
The ogre is heavily wounded.
You barely miss the quokka.
The ogre hits you with a +0 giant spiked club!!
You die...

.......... ...............
....... ............... .......
..............# ......#
..............###......#
.....####..............#
.....##................#
.....##..........rw...##
..#...'.........@O.......
..##.##....##............
.......#######.....#.....
.....#.............#.....######
.....#........######..........###
..####.....................)....#
..####..........................#
.....#..........................#
................................#


You could see an ogre, a dart slug and a quokka.

Vanquished Creatures
  A scorpion (D:4)
  An orc priest (D:4)
  An orc wizard (D:4)
  4 adders
  2 orcs
  6 endoplasms
  A giant cockroach (D:3)
  10 goblins
  2 hobgoblins (D:1)
  4 quokkas
  3 ball pythons
  5 bats
  3 frilled lizards
  3 kobolds
  4 rats
50 creatures vanquished.

Notes
Turn   | Place    | Note
-------+----------+-------------------------------------------
     0 | D:1      | dracfodder the Formicid Fighter began the quest for the
                  | Orb.
     0 | D:1      | Reached XP level 1. HP: 18/18 MP: 1/1
   186 | D:1      | Reached XP level 2. HP: 24/24 MP: 2/2
   960 | D:2      | Reached XP level 3. HP: 27/30 MP: 3/3
  1497 | D:3      | Reached XP level 4. HP: 35/37 MP: 4/4
  1516 | D:3      | Found a faded altar of an unknown god.
  1605 | D:3      | Found a glowing silver altar of Zin.
  1815 | D:3      | Found a sparkling altar of Nemelex Xobeh.
  2088 | D:4      | Reached XP level 5. HP: 10/42 MP: 5/5
  2090 | D:4      | HP: 2/42 [orc priest/+0 mace (5)]
  2094 | D:4      | Reached skill level 1 in Throwing
  2156 | D:4      | Reached XP level 6. HP: 31/48 MP: 6/6
  2256 | D:4      | Noticed an ogre
  2265 | D:4      | Mangled by an ogre

Illustrated notes

Levels and vault maps discovered:
D:1:      heliophobic_arrival_enchanted_forest, layout_basic,
          minmay_misc_feat_more_columns, minmay_misc_feat_room
D:2:      layout_basic
D:3:      layout_basic, mainiacjoe_overflow_concentric_impassable,
          nemelex_spade_bored_becter, chequers_ecumenical_altar_simple
D:4:      layout_basic, chequers_serial_rivers_small_b

Skill      XL: |  1  2  3  4  5 |
---------------+----------------+-----
Armour         | 4 |  4.5
Axes           | 3 |  3.7
Throwing       | 1 |  1.4
Fighting       | 4 |  4.0
Dodging        | |  0.5
Stealth        | |  0.4
Shields        | |  4.3

Action                     |  1- 3 |  4- 6 || total
---------------------------+-------+-------++-------
  Melee: War axe           |    76 |    41 ||   117
  Throw: Stone             |     9 |       ||     9
         Boomerang         |       |    14 ||    14
Ability: Dig               |     1 |       ||     1
    Use: Scroll            |     6 |     1 ||     7
         Potion            |       |     2 ||     2
 Armour: Scale mail        |    32 |     7 ||    39
         Plate armour      |       |    10 ||    10
  Dodge: Dodged            |    35 |    18 ||    53
  Block: Buckler           |    21 |     7 ||    28

Table legend: (Time is in decaauts)
 A = Elapsed time spent in this place.
 B = Non-inter-level travel time spent in this place.
 C = Inter-level travel time spent in this place.
 D = Time resting spent in this place.
 E = Time spent auto-exploring this place.
 F = Levels seen in this place.
 G = Mean time per level.
                   A        B        C        D        E       F      G
               +--------+--------+--------+--------+--------+-----+--------+
         Total |   2316 |   2272 |     44 |      0 |   1786 |   4 |  579.0 |
       Dungeon |   2316 |   2272 |     44 |      0 |   1786 |   4 |  579.0 |
               +--------+--------+--------+--------+--------+-----+--------+

Top non-repeatable levels by time:
     D:1: 819 daAuts
     D:3: 680 daAuts
     D:2: 560 daAuts
     D:4: 256 daAuts
